 Dungeon Crawl Stone Soup version 0.32-a0-711-g016ad743e0 (webtiles) character file.

Game seed: 984701252733591497

61 garrulousMonolith the Covered (level 3, -1/33 HPs)
             Began as a Mountain Dwarf Fighter on Mar 15, 2024.
             Slain by a gnoll
             ... wielding a +0 halberd
              (6 damage)
             ... on level 1 of the Dungeon.
             The game lasted 00:02:17 (1654 turns).

garrulousMonolith the Covered (MDFi)                Turns: 1654, Time: 00:02:17

Health: -1/33      AC:  9    Str: 18    XL:     3   Next: 83%
Magic:  4/4        EV:  8    Int: 10    God:
Gold:   67         SH:  4    Dex:  9    Spells: 2/2 levels left

rFire   + . .        a - +0 war axe
rCold   . . .        c - +0 buckler
rNeg    . . .        b - +0 scale mail
rPois   .            o - +0 helmet
rElec   .            i - +0 cloak
rCorr   .            (no gloves)
SInv    .            (no boots)
Will    .....        (no amulet) Stlth
                     k - ring of protection from fire
HPRegen 0.25/turn    (no ring)
MPRegen 0.09/turn

%: no passive effects
@: no status effects
A: runic magic, artefact enchanting
a: no special abilities


You were on level 1 of the Dungeon.
You visited 1 branch of the dungeon, and saw 2 of its levels.

You collected 106 gold pieces.
You spent 39 gold pieces at shops.

Inventory:

Hand Weapons
 a - a +0 war axe (weapon)
Missiles
 h - 5 poisoned darts (quivered)
Armour
 b - a +0 scale mail (worn)
 c - a +0 buckler (worn)
 g - a scarf of shadows
 i - a +0 cloak (worn)
 o - a +0 helmet (worn)
Jewellery
 k - a ring of protection from fire (left hand)
Scrolls
 l - 2 scrolls of teleportation
 m - a scroll of enchant weapon {unknown}
 n - a scroll of summoning {unknown}
 p - a scroll of identify {unknown}
Potions
 d - a potion of might
 e - a potion of brilliance {unknown}
 f - a potion of curing {unknown}
 j - a potion of ambrosia {unknown}


   Skills:
 + Level 3.6 Fighting
 * Level 3.6 Axes
 + Level 3.7 Armour
 + Level 3.6 Shields
 + Level 1.4 Invocations


You had 2 spell levels left.
You didn't know any spells.
Your spell library contained the following spells:

 Spells                   Type           Power      Damage    Failure   Level
 Summon Ice Beast         Ice/Summ       0%         N/A       88%         3
 Summon Mana Viper        Hex/Summ       0%         N/A       100%        5
 Monstrous Menagerie      Summ           0%         N/A       100%        7


Dungeon Overview and Level Annotations

Branches:
Dungeon (2/15)

Altars:

Shops:
D:2 *=

Annotations:
D:2 1 transporter


Innate Abilities, Weirdness & Mutations

Your spellcasting is much less encumbered by armour.
You can use scrolls of enchantment on lesser artefacts.


Message History

The gnoll barely misses you.
You hit the gnoll.
The gnoll is lightly wounded.
The gnoll misses you.
You barely miss the gnoll.
The gnoll is lightly wounded.
The gnoll barely misses you. The gnoll hits you but does no damage.
You hit the gnoll but do no damage.
The gnoll is lightly wounded.
The gnoll hits you with a +0 halberd.
You closely miss the gnoll.
The gnoll is lightly wounded.
The gnoll hits you with a +0 halberd!
You are too injured to fight recklessly!
You are too injured to fight recklessly!
You are too injured to fight recklessly!
You are too injured to fight recklessly!
You are too injured to fight recklessly!
You are too injured to fight recklessly!
You are too injured to fight recklessly!
You are too injured to fight recklessly!
You are too injured to fight recklessly!
You are too injured to fight recklessly!
You are too injured to fight recklessly!
You are too injured to fight recklessly!
You barely miss the gnoll.
The gnoll is lightly wounded.
The gnoll hits you with a +0 halberd! The gnoll hits you but does no damage.
You closely miss the gnoll.
The gnoll is lightly wounded.
The gnoll hits you with a +0 halberd.
* * * LOW HITPOINT WARNING * * *
You slash the gnoll!
The gnoll is almost dead.
The gnoll hits you with a +0 halberd.
* * * LOW HITPOINT WARNING * * *
You hit the gnoll but do no damage.
The gnoll is almost dead.
The gnoll hits you with a +0 halberd.
You die...

...# ############. ...#
#..........#. ...###########
#.########.). .............# #.#
###. .......#####.# #.# #..
.......#####.# #.# ##.
...........#.# #.# ##
...###.###.#.# ######.### # ...#
#.......# #@)......# # ####
#####.### #g####.#.# ## .##
##(#####.# #.#.# ##. ..##
###......#.####.#.## ##.. ...##
#.....##.#.....#...# ##...
....###.....##.#.(##.....####....
....+..............)........'....
....###.....##.#..##.#...####....
...## #........#.........# ##...


You could see a gnoll.

Vanquished Creatures
  A gnoll (D:1)
  An adder (D:2)
  2 dart slugs
  3 ball pythons (D:1)
  3 endoplasms
  A giant cockroach (D:1)
  5 goblins
  4 hobgoblins (D:1)
  6 bats
  A frilled lizard (D:1)
  8 kobolds
  A rat (D:1)
36 creatures vanquished.

Notes
Turn   | Place    | Note
-------+----------+-------------------------------------------
     0 | D:1      | garrulousMonolith the Mountain Dwarf Fighter began the
                  | quest for the Orb.
     0 | D:1      | Reached XP level 1. HP: 19/19 MP: 1/1
   333 | D:1      | Reached XP level 2. HP: 23/26 MP: 2/2
   753 | D:1      | Reached skill level 1 in Invocations
   857 | D:1      | Reached XP level 3. HP: 31/31 MP: 3/3
  1205 | D:2      | Found Ojusacra's General Store.
  1214 | D:2      | Bought a scroll of teleportation for 39 gold pieces
  1350 | D:2      | Found Guthriz's Jewellery Emporium.
  1449 | D:2      | Found a transporter.
  1654 | D:1      | Slain by a gnoll

Illustrated notes

Levels and vault maps discovered:
D:1:      minmay_arrival_hallway, layout_loops_corners
D:2:      layout_rooms, serial_shops, nicolae_shop_waterfront,
          nicolae_shop_drivethru, nicolae_shop_tiny_waterfront,
          nicolae_shop_stone, shop

Skill      XL: |  1  2 |
---------------+-------+-----
Axes           | 3 |  3.6
Invocations    | 1 |  1.4
Fighting       | |  3.6
Armour         | |  3.7
Shields        | |  3.6

Action                     || total
---------------------------++-------
  Melee: War axe           ||   104
 Armour: Scale mail        ||    93
  Dodge: Dodged            ||    53
  Block: Buckler           ||    24

Table legend: (Time is in decaauts)
 A = Elapsed time spent in this place.
 B = Non-inter-level travel time spent in this place.
 C = Inter-level travel time spent in this place.
 D = Time resting spent in this place.
 E = Time spent auto-exploring this place.
 F = Levels seen in this place.
 G = Mean time per level.
                   A        B        C        D        E       F      G
               +--------+--------+--------+--------+--------+-----+--------+
         Total |   1697 |   1658 |     39 |    258 |   1035 |   2 |  848.5 |
       Dungeon |   1697 |   1658 |     39 |    258 |   1035 |   2 |  848.5 |
               +--------+--------+--------+--------+--------+-----+--------+

Top non-repeatable levels by time:
     D:1: 1266 daAuts
     D:2: 431 daAuts
